 Dungeon Crawl Stone Soup version 0.22-a0-803-gd6d8abeff0 (webtiles) character file.

4280 PikkenKukken the Covert (level 10, -5/71 HPs)
             Began as an Octopode Berserker on July 22, 2018.
             Was a High Priest of Trog.
             Slain by an orc warrior
             ... wielding a +0 halberd
              (16 damage)
             ... in a bailey.
             The game lasted 00:20:57 (9433 turns).

PikkenKukken the Covert (Octopode Berserker)        Turns: 9433, Time: 00:20:58

Health: -5/71      AC:  3    Str: 18    XL:     10   Next: 32%
Magic:  14/14      EV: 32    Int: 11    God:    Trog [*****.]
Gold:   331        SH:  0    Dex: 14    Spells: 9/9 levels left

rFire    . . .     SeeInvis .   a - +2 long sword (elec)
rCold    . . .     Gourm    .   (no shield)
rNeg     . . .     Faith    .   (helmet restricted)
rPois    .         Spirit   .   c - amulet of the acrobat
rElec    .         Reflect  .   r - +2 ring of slaying
rCorr    .         Harm     .   (no ring)
MR       .....                  (no ring)
Stlth    +++.......             (no ring)
HPRegen  0.21/turn              (no ring)
MPRegen  0.14/turn              (no ring)
                                (no ring)
                                (no ring)

@: confused, berserk cooldown, slowed, very slow
A: almost no armour, stealthy swim, amphibious, 8 rings, constrict 8, iridescent
scales 1, camouflage 1, blink, clever 1, gelatinous body 1
a: Blink, Berserk, Trog's Hand, Brothers in Arms, Renounce Religion


You were in a bailey.
You worshipped Trog.
Trog was extremely pleased with you.
You were near starving.

You visited 1 branch of the dungeon, and saw 8 of its levels.
You also visited: Bailey.

You collected 503 gold pieces.
You spent 172 gold pieces at shops.

Inventory:

Hand Weapons
 a - a +2 long sword of electrocution (weapon)
 b - a +0 hand crossbow
 s - a +4 antimagic great sword
Missiles
 g - 49 bolts
Jewellery
 c - an amulet of the acrobat (around mantle)
 r - a +2 ring of slaying (left tentacle)
Wands
 h - a wand of flame (34)
 j - a wand of iceblast (10)
 m - a wand of disintegration (8)
Scrolls
 i - a scroll of enchant armour
 k - 2 scrolls of noise
 n - a scroll of enchant weapon
 q - 2 scrolls of remove curse
 t - 2 scrolls of magic mapping
Potions
 d - a potion of curing
 e - a potion of ambrosia
 f - 2 potions of flight
 o - 2 potions of might
 p - a potion of berserk rage
Comestibles
 l - 10 rations


   Skills:
 + Level 7.1 Fighting
 + Level 7.0 Long Blades
 + Level 3.8 Crossbows
 + Level 7.2 Dodging
 + Level 9.2 Stealth
 + Level 6.2 Evocations


You had 9 spell levels left.
You didn't know any spells.
Your spell library was empty.

Dungeon Overview and Level Annotations

Branches:
Dungeon (8/15)             Temple (0/1) D:6
   Lair: D:8-11

Altars:
Dithmenos
Fedhas
Okawaru
Ru
Wu Jian
Xom

Shops:
D:4 (   D:5 :


Innate Abilities, Weirdness & Mutations

You cannot wear most types of armour.
You are very stealthy in the water. (Stealth+)
You are amphibious.
You can wear up to eight rings at the same time.
You can use your tentacles to constrict eight enemies at once.
Your skin changes colour to match your surroundings (Stealth+).
Your rubbery body absorbs attacks. (AC +1, EV +1)
You are partially covered in iridescent scales. (AC +2)
You can translocate small distances at will.
Your mind is acute. (Int +2)


Message History

You hit the orc warrior but do no damage.
Lightning courses through the orc warrior!
You kill the orc warrior!
Trog accepts your kill.
Your Long Blades skill increases to level 7!
Okay, then.
You blink.
You feel slightly more hungry.
The orc warrior hits you from afar with a halberd!
You fail to use your ability.
The orc warrior hits you from afar with a halberd!!
* * * LOW HITPOINT WARNING * * *
You don't have enough health at the moment.
Okay, then.
You are confused.
You feel invigorated. The orc warrior closely misses you.
The orc warrior misses you.
The orc warrior hits you with a halberd.
* * * LOW HITPOINT WARNING * * *
The orc warrior hits you with a halberd!
You die...

≈≈≈≈≈≈≈≈≈≈≈≈≈≈≈≈##
.................##
.............))...##
'##########⌠..)....#
..........#####))..#
.≈≈≈≈≈≈≈≈≈....##...#
≈≈.......≈≈≈.⌠.#)..#
..≈≈≈≈≈≈≈..≈≈).#o..#
≈≈≈.....≈≈≈.≈≈.#@..#
≈..≈≈≈≈≈..≈≈.≈.##..#
.≈≈≈...≈≈≈.≈)≈≈.#..#
≈≈..⌠.⌠..≈)≈≈.≈.#..+
....∩∩∩..≈)...≈.#..+
≈≈..⌠.⌠..≈)≈≈.≈.#..+
.≈≈≈...≈≈≈)≈.≈≈.#..#
≈..≈≈≈≈≈..≈≈.≈.##..#
≈≈≈.....≈≈≈.≈≈.#⌠..#


You could see an orc warrior.

Vanquished Creatures
  Grinder (D:5)
  4 yaks (D:7)
  Eustachio (D:5)
  2 hungry ghosts
  2 sky beasts (D:7)
  A phantom (D:4)
  3 orc warriors
  An ice beast (D:5)
  2 ogres
  6 centaurs
  7 big kobolds (D:6)
  A scorpion (D:7)
  3 wights (D:6)
  5 electric eels (D:6)
  A crimson imp (D:6)
  2 jellies
  A hound (D:4)
  4 orc priests
  An iguana (D:5)
  7 orc wizards
  3 worker ants
  Robin (D:2)
  A worker ant zombie (D:5)
  3 gnolls (D:6)
  A howler monkey skeleton (D:3)
  13 adders
  3 shadow imps
  2 oozes
  2 adder skeletons (D:4)
  5 worms
  3 dart slugs
  A leopard gecko (D:1)
  38 orcs
  8 giant cockroaches
  17 hobgoblins
  14 jackals
  39 kobolds
  5 quokkas
  3 ball pythons
  9 bats
  6 frilled lizards
  15 goblins
  A jackal skeleton (D:4)
  A jackal zombie (D:2)
  8 rats
  2 plants (D:4)
259 creatures vanquished.

Notes
Turn   | Place    | Note
-------+----------+-------------------------------------------
     0 | D:1      | PikkenKukken the Octopode Berserker began the quest for the Orb.
     0 | D:1      | Reached XP level 1. HP: 16/16 MP: 1/1
    55 | D:1      | Reached XP level 2. HP: 21/21 MP: 2/2
   132 | D:1      | Reached skill level 1 in Stealth
   227 | D:1      | Reached XP level 3. HP: 16/26 MP: 3/3
   677 | D:2      | Reached ** piety under Trog
   804 | D:2      | Reached skill level 2 in Stealth
   825 | D:2      | Noticed Robin
   836 | D:2      | Killed Robin
   836 | D:2      | Reached XP level 4. HP: 31/31 MP: 4/4
  1454 | D:2      | Reached skill level 3 in Stealth
  1503 | D:2      | Found a shimmering altar of Xom.
  1594 | D:2      | Reached XP level 5. HP: 37/37 MP: 5/5
  1631 | D:2      | Found a blossoming altar of Fedhas.
  1996 | D:3      | Found a sacrificial altar of Ru.
  2191 | D:3      | Reached *** piety under Trog
  2772 | D:3      | Reached skill level 1 in Evocations
  2798 | D:3      | Reached XP level 6. HP: 43/43 MP: 6/6
  2839 | D:3      | Reached skill level 4 in Stealth
  3418 | D:4      | Noticed a phantom
  3606 | D:4      | Killed a phantom
  3608 | D:4      | Reached XP level 7. HP: 42/49 MP: 8/8
  3914 | D:4      | Found Tiesilag's Weapon Shop.
  4062 | D:4      | Reached skill level 5 in Stealth
  4473 | D:4      | Bought a +1 long sword of electrocution for 172 gold pieces
  4484 | D:5      | Entered Level 5 of the Dungeon
  4734 | D:4      | Reached **** piety under Trog
  4735 | D:4      | Reached skill level 5 in Dodging
  4890 | D:5      | Noticed Eustachio
  4892 | D:5      | Noticed Grinder
  4895 | D:5      | Killed Eustachio
  4895 | D:5      | Reached skill level 5 in Fighting
  4895 | D:5      | Reached skill level 5 in Long Blades
  4895 | D:5      | Reached XP level 8. HP: 55/55 MP: 10/10
  4898 | D:5      | Killed Grinder
  4898 | D:5      | Reached skill level 6 in Stealth
  5031 | D:5      | Found Tualeic's Book Boutique.
  5421 | D:5      | Gained mutation: Your body sometimes deteriorates upon taking damage. [potion of mutation]
  5421 | D:5      | Gained mutation: One of your tentacles bears a spike. [potion of mutation]
  5421 | D:5      | Gained mutation: You passively map a small area around you. [potion of mutation]
  5422 | D:5      | Lost mutation: Your body sometimes deteriorates upon taking damage. [potion of mutation]
  5422 | D:5      | Lost mutation: One of your tentacles bears a spike. [potion of mutation]
  5422 | D:5      | Lost mutation: You passively map a small area around you. [potion of mutation]
  5422 | D:5      | Gained mutation: Your mind is acute. (Int +2) [potion of mutation]
  5422 | D:5      | Gained mutation: You are partially covered in iridescent scales. (AC +2) [potion of mutation]
  5422 | D:5      | Gained mutation: You can translocate small distances at will. [potion of mutation]
  5458 | D:5      | Found an ornate altar of the Wu Jian Council.
  6486 | D:6      | Reached skill level 7 in Stealth
  6749 | D:6      | Reached XP level 9. HP: 53/62 MP: 12/12
  6805 | D:6      | Reached skill level 1 in Crossbows
  7180 | D:6      | Reached ***** piety under Trog
  7180 | D:6      | Reached skill level 5 in Evocations
  7285 | D:6      | Found a staircase to the Ecumenical Temple.
  7508 | D:6      | Found an iron altar of Okawaru.
  7509 | D:6      | Found a shadowy altar of Dithmenos.
  7599 | D:7      | Reached skill level 8 in Stealth
  7770 | D:7      | Reached XP level 10. HP: 34/69 MP: 14/14
  8652 | D:7      | Reached skill level 9 in Stealth
  9017 | D:8      | Found a flagged portal.
  9035 | Bailey   | Entered a bailey
  9063 | Bailey   | Received a gift from Trog
  9430 | Bailey   | HP: 3/71 [orc warrior/halberd (21)]
  9433 | Bailey   | Slain by an orc warrior

Vault maps used:
D:1:      onia_arrival_mini_spirals
D:2:      lemuel_doored_altar, first_ration, hangedman_decor_growths,
          fedhas_altar_fruit_tree, uniq_robin
D:3:      hangedman_ru_absence, kennysheep_small_spiral
D:4:      serial_shops, shop_statue, serial_forest,
          infiniplex_forest_clump_cross, infiniplex_forest_zigzag_1,
          infiniplex_forest_straight_3, infiniplex_forest_lined_room_2,
          infiniplex_forest_straight_2, infiniplex_forest_straight_5,
          infiniplex_forest_join, infiniplex_forest_lined_2,
          infiniplex_forest_lined_ring
D:5:      basic_altar, serial_shops, nicolae_shop_statue_plus, uniq_eustachio,
          uniq_grinder
D:6:      minmay_goblin_kobold_castle,
          chequers_temple_overflow_statue_of_worship, temple_statues
D:8:      enter_bailey_2
Bailey:   bailey_polearm_flooded_kennysheep, bailey

Skill      XL: |  1  2  3  4  5  6  7  8  9 10 |
---------------+-------------------------------+-----
Stealth        | 1 2 3 4 5 7 8 9 |  9.2
Dodging        | 4 5 6 7 |  7.2
Fighting       | 4 5 6 7 |  7.1
Evocations     | 1 2 3 4 5 6 |  6.2
Long Blades    | 4 5 6 7 |  7.0
Crossbows      | 3 |  3.8

Action                   |  1- 3 |  4- 6 |  7- 9 | 10-12 || total
-------------------------+-------+-------+-------+-------++-------
Melee: Falchion          |    46 |   123 |    63 |       ||   232
       Constrict         |    22 |    35 |    54 |    17 ||   128
       Tentacles         |    13 |    32 |    57 |    22 ||   124
       Long sword        |       |       |   150 |    61 ||   211
 Fire: Hand crossbow     |       |       |       |     5 ||     5
Invok: Berserk           |     1 |     4 |     6 |     3 ||    14
 Abil: Blink             |       |       |       |     1 ||     1
  Use: Scroll            |     4 |     5 |     4 |     3 ||    16
       Potion            |       |     1 |     2 |     1 ||     4
 Stab: Sleeping          |     9 |    14 |    21 |     5 ||    49
  Eat: Chunk             |       |    12 |    19 |     8 ||    39
Armor: Skin              |     4 |    11 |    15 |     6 ||    36
Dodge: Dodged            |    37 |    74 |   151 |    76 ||   338
       Rpst.: Falchion   |    16 |    25 |     7 |       ||    48
       Long sword        |       |       |    41 |    18 ||    59

Table legend:
 A = Spawn XP
 B = Non-spawn XP
 C = Spawn XP percentage of total XP
 D = Spawn monster count
 E = Non-spawn monster count
 F = Spawn count percentage of total count
 G = Total turns spent on level
                    A         B        C        D         E        F      G
               +---------+---------+-------+---------+---------+-------+---------
         Total |       0 |    6115 |   0.0 |       0 |     257 |   0.0 |  9433
               +---------+---------+-------+---------+---------+-------+---------
           D:1 |       0 |      47 |   0.0 |       0 |      23 |   0.0 |   661
           D:2 |       0 |     127 |   0.0 |       0 |      35 |   0.0 |  1237
           D:3 |       0 |     191 |   0.0 |       0 |      35 |   0.0 |  1639
           D:4 |       0 |     607 |   0.0 |       0 |      27 |   0.0 |  1350
           D:5 |       0 |    1005 |   0.0 |       0 |      14 |   0.0 |  1411
           D:6 |       0 |    1444 |   0.0 |       0 |      70 |   0.0 |  1295
           D:7 |       0 |    2049 |   0.0 |       0 |      34 |   0.0 |  1387
           D:8 |       0 |     108 |   0.0 |       0 |       1 |   0.0 |    55
        Bailey |       0 |     537 |   0.0 |       0 |      18 |   0.0 |   398
               +---------+---------+-------+---------+---------+-------+---------
